Wild vs Maple Leafs
Created - 28 avril 2013 at 19:09
Goals
|
| Wild |
2 |
3 |
2 |
7 |
| Maple Leafs |
2 |
2 |
0 |
4 |
|
Shots
|
| Wild |
9 |
10 |
6 |
25 |
| Maple Leafs |
11 |
10 |
3 |
24 |
|
1st period
1. Maple Leafs , Tobias Enstrom 4 (Alex Goligoski) at 9:11
2. Wild , Chris Higgins 10 (Rod Brind'Amour) at 14:07
3. Maple Leafs , Rob Niedermayer 6 (Alex Goligoski) at 16:39
4. Wild , Chris Drury 38 (Mark Recchi) at 19:16 (PP)
Penalties :
Claude Giroux (Tor) for Hooking (Minor) at 9:16, Zach Parise (Tor) for Hooking (Minor) at 19:06
2nd period
5. Wild , Vaclav Prospal 17 (Anson Carter, Jozef Stumpel) at 0:24
6. Maple Leafs , Zach Parise 23 (Tobias Enstrom, Peter Forsberg) at 7:32
7. Wild , Mike Ricci 17 (Danil Markov, Fedor Tyutin) at 10:34
8. Wild , Chris Drury 39 (Mark Recchi) at 18:25
9. Maple Leafs , Claude Giroux 45 (Darryl Sydor, Zach Parise) at 18:35
Penalties :
Darryl Sydor (Tor) for Hooking (Minor) at 1:33, R.J. Umberger (Min) for Roughing (Minor) at 11:05, Darryl Sydor (Tor) for High sticking (Minor) at 14:41, Dion Phaneuf (Tor) for Interference (Minor) at 18:45
3rd period
10. Wild , Vaclav Prospal 18 (Jozef Stumpel, Anson Carter) at 5:17
11. Wild , Vaclav Prospal 19 (Jozef Stumpel) at 5:41
Penalties :
Jozef Stumpel (Min) for Roughing (Double Minor) at 5:57, Alex Goligoski (Tor) for Roughing (Minor) at 16:45
Goalie Stats
Martin Brodeur (Min), 20 saves from 24 shots - (0,833), W, 37-22-4, 60:00 minutes
Marc-André Fleury (Tor), 14 saves from 19 shots - (0,737), L, 33-22-4, 38:25 minutes
Mike Dunham (Tor), 4 saves from 6 shots - (0,667), 21:35 minutes
Players Stats for Wild
Player Name G A P +/- PIM S H SB GA TA FO MP PP MP PK MP
------------------------------------------------------------------------------------
Adam Deadmarsh 0 0 0 1 0 3 0 0 0 0 0/0 11:28 0:15 1:34
Anson Carter 0 2 2 2 0 0 1 0 0 0 0/0 15:28 4:24 0:00
Brian Rolston 0 0 0 0 0 0 2 0 0 0 0/0 11:09 0:00 2:44
Chris Drury 2 0 2 -1 0 5 1 0 2 0 10/26 21:10 5:23 1:09
Chris Higgins 1 0 1 0 0 3 0 0 0 0 0/0 10:27 0:00 2:08
Danil Markov 0 1 1 2 0 1 2 0 0 0 0/0 20:06 4:21 3:00
Fedor Tyutin 0 1 1 2 0 0 0 2 0 2 0/0 17:58 4:15 0:47
Fredrik Modin 0 0 0 1 0 0 1 0 0 0 0/0 10:29 0:00 1:06
Jozef Stumpel 0 3 3 2 4 2 2 0 0 0 0/3 16:51 5:05 0:00
Mark Recchi 0 2 2 -1 0 4 1 1 1 0 0/1 19:46 5:18 0:00
Mike Green 0 0 0 -1 0 0 1 3 0 0 0/0 25:53 5:50 0:47
Mike Ricci 1 0 1 1 0 1 3 0 0 0 1/3 11:15 0:39 0:42
Nate Guenin 0 0 0 1 0 0 0 0 0 0 0/0 14:07 0:00 2:11
Nathan Dempsey 0 0 0 -1 0 1 2 0 1 1 0/0 27:54 5:44 2:11
R.J. Umberger 0 0 0 -1 2 1 2 0 1 0 1/1 18:42 4:24 0:00
Rod Brind'Amour 0 1 1 0 0 1 0 2 0 1 4/6 11:47 0:23 2:33
Vaclav Prospal 3 0 3 2 0 3 0 0 0 0 5/11 15:28 4:24 0:00
Willie Mitchell 0 0 0 1 0 0 0 2 0 0 0/0 14:02 0:00 3:00
Players Stats for Maple Leafs
Player Name G A P +/- PIM S H SB GA TA FO MP PP MP PK MP
------------------------------------------------------------------------------------
Alex Goligoski 0 2 2 1 2 1 0 3 0 0 0/0 20:43 2:17 3:54
Andy Hilbert 0 0 0 1 0 1 2 0 1 0 0/0 10:32 0:15 1:34
Brad Boyes 0 0 0 -3 0 2 2 1 0 0 0/0 16:30 2:32 2:41
Byron Bitz 0 0 0 1 0 1 1 0 0 0 0/1 10:25 1:02 0:00
Claude Giroux 1 0 1 -1 2 3 2 0 1 0 1/3 22:12 2:30 4:55
Darius Kasparaitis 0 0 0 -2 0 0 0 0 0 0 0/0 17:01 0:34 4:01
Darryl Sydor 0 1 1 -1 4 0 1 0 1 1 0/0 24:29 3:07 3:25
Derek Roy 0 0 0 -3 0 2 1 0 1 0 8/12 14:16 2:32 0:28
Dion Phaneuf 0 0 0 -1 2 3 3 0 0 1 0/0 25:12 3:07 4:12
Dustin Penner 0 0 0 -3 0 2 2 0 0 1 0/0 14:10 2:32 0:22
Jordan Leopold 0 0 0 -2 0 0 0 0 0 0 0/0 12:41 0:34 0:14
Paul Stastny 0 0 0 1 0 0 2 0 0 0 3/4 8:21 0:03 0:00
Peter Forsberg 0 1 1 -1 0 1 1 1 0 1 17/28 22:50 2:30 5:46
Rob Niedermayer 1 0 1 1 0 2 0 0 0 0 0/2 10:16 0:53 0:00
Scott Walker 0 0 0 1 0 0 0 0 0 1 0/0 8:51 0:33 0:00
Steve Ott 0 0 0 1 0 1 2 0 0 0 0/0 11:32 0:00 1:43
Tobias Enstrom 1 1 2 1 0 2 2 1 0 0 0/0 20:34 2:17 4:24
Zach Parise 1 1 2 -1 2 3 2 1 0 0 1/1 19:14 2:32 2:41
3 Stars
1 - Vaclav Prospal (Min)
2 - Tobias Enstrom (Tor)
3 - Chris Drury (Min)
Power Play
Wild - 1 on 6 Attempt(s) - 16,67%
Maple Leafs - 0 on 3 Attempt(s) - 0,00%
Penalty Kill
Wild - 3 on 3 Attempt(s) - 100,00%
- Score 0 goal in Penalty Kill
Maple Leafs - 5 on 6 Attempt(s) - 83,33%
- Score 0 goal in Penalty Kill
Official
Referees : Auger Stephane and Lee Chris
Linesman : Scott Cherrey and Greg Devorski
Game Notes
Mike Dunham enters game at 18:25 of 2nd period
Vaclav Prospal has scored a Hat Trick!
Finance
Level 1 -- Attendance: 4450 (74,17%) -- Ticket Income 413 850 $
Level 2 -- Attendance: 4243 (84,86%) -- Ticket Income 233 365 $
Level 3 -- Attendance: 1565 (78,25%) -- Ticket Income 50 080 $
Level 4 -- Attendance: 3872 (96,80%) -- Ticket Income 69 696 $
Luxury Box -- Attendance: 795 (79,50%) -- Ticket Income 143 100 $
Game was played at the Maple Leafs Garden
Total Attendance: 14925 (82,92%)
Total Ticket Income: 910 091 $
Other Income: 45 505 $
Total Income: 955 596 $
Wild
5 vs 5 Forward
Center Left Wing Right Wing Time % Phy DF OF
1 Chris Drury R.J. Umberger Mark Recchi 40 0 1 4
2 Vaclav Prospal Jozef Stumpel Anson Carter 30 1 0 4
3 Rod Brind'Amour Chris Higgins Brian Rolston 20 1 1 3
4 Mike Ricci Fredrik Modin Adam Deadmarsh 10 1 1 3
5 vs 5 Defense
Defense Defense Time % Phy DF OF
1 Nathan Dempsey Mike Green 40 1 3 1
2 Fedor Tyutin Danil Markov 30 1 3 1
3 Willie Mitchell Nate Guenin 20 1 3 1
4 Nathan Dempsey Mike Green 10 1 3 1
PowerPlay Forward
Center Left Wing Right Wing Time % Phy DF OF
1 Chris Drury Jozef Stumpel Mark Recchi 60 0 1 4
2 Vaclav Prospal R.J. Umberger Anson Carter 40 0 1 4
PowerPlay Defense
Defense Defense Time % Phy DF OF
1 Nathan Dempsey Mike Green 60 0 2 3
2 Fedor Tyutin Danil Markov 40 0 2 3
Penalty Kill 4 Players Forward
Center Wing Time % Phy DF OF
1 Rod Brind'Amour Brian Rolston 60 1 3 1
2 Mike Ricci Chris Higgins 40 1 3 1
Penalty Kill 4 Players Defense
Defense Defense Time % Phy DF OF
1 Danil Markov Willie Mitchell 60 2 3 0
2 Nathan Dempsey Nate Guenin 40 2 3 0
Penalty Kill - 3 Players Forward
Forward Time % Phy DF OF
1 Rod Brind'Amour 60 3 2 0
2 Mike Ricci 40 3 2 0
Penalty Kill - 3 Players Defense
Defense Defense Time % Phy DF OF
1 Danil Markov Willie Mitchell 60 2 3 0
2 Mike Green Nate Guenin 40 2 3 0
4 vs 4 Forward
Center Wing Time % Phy DF OF
1 Mark Recchi Chris Drury 60 1 1 3
2 Jozef Stumpel Vaclav Prospal 40 1 1 3
4 vs 4 Defense
Defense Defense Time % Phy DF OF
1 Nathan Dempsey Mike Green 60 2 2 1
2 Fedor Tyutin Danil Markov 40 2 2 1
Last Minutes Offensive
Center Left Wing Right Wing Defense Defense
Chris Drury Jozef Stumpel Mark Recchi Nathan Dempsey Mike Green
Last Minutes Defensive
Center Left Wing Right Wing Defense Defense
Rod Brind'Amour Mike Ricci Brian Rolston Danil Markov Willie Mitchell
Goaltenders
Starting : Martin Brodeur
Backup : Jamie Storr
Extra Forwards
Normal : Mike Ricci, Rod Brind'Amour, Adam Deadmarsh - PP : Mike Ricci, Rod Brind'Amour - PK : Adam Deadmarsh
Extra Defensemen
Normal : Mike Green, Fedor Tyutin, Nathan Dempsey - PP : Mike Green - PK : Willie Mitchell, Danil Markov
Penalty Shots
Mark Recchi, Chris Drury, Jozef Stumpel, Vaclav Prospal, Mike Ricci
Maple Leafs
5 vs 5 Forward
Center Left Wing Right Wing Time % Phy DF OF
1 Peter Forsberg Zach Parise Claude Giroux 40 1 2 2
2 Derek Roy Dustin Penner Brad Boyes 30 1 2 2
3 Rob Niedermayer Steve Ott Byron Bitz 20 1 2 2
4 Paul Stastny Andy Hilbert Scott Walker 10 1 2 2
5 vs 5 Defense
Defense Defense Time % Phy DF OF
1 Dion Phaneuf Darryl Sydor 40 1 2 2
2 Tobias Enstrom Alex Goligoski 30 1 2 2
3 Jordan Leopold Darius Kasparaitis 20 1 2 2
4 Dion Phaneuf Darryl Sydor 10 1 2 2
PowerPlay Forward
Center Left Wing Right Wing Time % Phy DF OF
1 Peter Forsberg Zach Parise Claude Giroux 60 1 2 2
2 Derek Roy Dustin Penner Brad Boyes 40 1 2 2
PowerPlay Defense
Defense Defense Time % Phy DF OF
1 Dion Phaneuf Darryl Sydor 60 1 2 2
2 Tobias Enstrom Alex Goligoski 40 1 2 2
Penalty Kill 4 Players Forward
Center Wing Time % Phy DF OF
1 Peter Forsberg Claude Giroux 60 1 2 2
2 Zach Parise Brad Boyes 40 1 2 2
Penalty Kill 4 Players Defense
Defense Defense Time % Phy DF OF
1 Dion Phaneuf Darryl Sydor 60 1 2 2
2 Tobias Enstrom Alex Goligoski 40 1 2 2
Penalty Kill - 3 Players Forward
Forward Time % Phy DF OF
1 Peter Forsberg 60 1 2 2
2 Claude Giroux 40 1 2 2
Penalty Kill - 3 Players Defense
Defense Defense Time % Phy DF OF
1 Dion Phaneuf Darryl Sydor 60 1 2 2
2 Tobias Enstrom Alex Goligoski 40 1 2 2
4 vs 4 Forward
Center Wing Time % Phy DF OF
1 Peter Forsberg Claude Giroux 60 1 2 2
2 Zach Parise Brad Boyes 40 1 2 2
4 vs 4 Defense
Defense Defense Time % Phy DF OF
1 Dion Phaneuf Darryl Sydor 60 1 2 2
2 Tobias Enstrom Alex Goligoski 40 1 2 2
Last Minutes Offensive
Center Left Wing Right Wing Defense Defense
Peter Forsberg Zach Parise Claude Giroux Dion Phaneuf Darryl Sydor
Last Minutes Defensive
Center Left Wing Right Wing Defense Defense
Peter Forsberg Zach Parise Claude Giroux Dion Phaneuf Darryl Sydor
Goaltenders
Starting : Marc-André Fleury
Backup : Mike Dunham
Extra Forwards
Normal : Byron Bitz, Rob Niedermayer, Steve Ott - PP : Byron Bitz, Rob Niedermayer - PK : Steve Ott
Extra Defensemen
Normal : Jordan Leopold, Darius Kasparaitis, Tobias Enstrom - PP : Jordan Leopold - PK : Darius Kasparaitis, Tobias Enstrom
Penalty Shots
Peter Forsberg, Claude Giroux, Zach Parise, Brad Boyes, Derek Roy
% Time on Ice - Wild
Lines # - Real PCT - Wanted PCT - Time Play
Normal Forward
1 - 35% - 40% - 15:11
2 - 26% - 30% - 11:15
3 - 19% - 20% - 8:08
4 - 21% - 10% - 9:23
Normal Defense
1 - 39% - 40% - 17:14
2 - 30% - 30% - 13:12
3 - 25% - 20% - 11:07
4 - 5% - 10% - 2:24
PP Forward
1 - 56% - 60% - 5:41
2 - 44% - 40% - 4:24
PP Defense
1 - 58% - 60% - 5:50
2 - 42% - 40% - 4:15
PK Forward
1 - 88% - 60% - 5:16
2 - 12% - 40% - 0:42
PK Defense
1 - 63% - 60% - 3:47
2 - 37% - 40% - 2:11
PK3 Forward
1 - 0% - 60%
2 - 0% - 40%
PK3 Defense
1 - 0% - 60%
2 - 0% - 40%
44 Forward
1 - 0% - 60%
2 - 0% - 40%
44 Defense
1 - 0% - 60%
2 - 0% - 40%
Last Minute Offensive - 0:00
Last Minute Defensive - 0:00
Total
Forward - 60:00
Defense - 60:00
|
% Time on Ice - Maple Leafs
Lines # - Real PCT - Wanted PCT - Time Play
Normal Forward
1 - 34% - 40% - 15:09
2 - 26% - 30% - 11:17
3 - 21% - 20% - 9:13
4 - 19% - 10% - 8:18
Normal Defense
1 - 38% - 40% - 16:43
2 - 32% - 30% - 13:53
3 - 27% - 20% - 11:53
4 - 3% - 10% - 1:28
PP Forward
1 - 54% - 60% - 3:14
2 - 46% - 40% - 2:44
PP Defense
1 - 52% - 60% - 3:07
2 - 48% - 40% - 2:51
PK Forward
1 - 73% - 60% - 7:24
2 - 27% - 40% - 2:41
PK Defense
1 - 58% - 60% - 5:52
2 - 42% - 40% - 4:13
PK3 Forward
1 - 0% - 60%
2 - 0% - 40%
PK3 Defense
1 - 0% - 60%
2 - 0% - 40%
44 Forward
1 - 0% - 60%
2 - 0% - 40%
44 Defense
1 - 0% - 60%
2 - 0% - 40%
Last Minute Offensive - 0:00
Last Minute Defensive - 0:00
Total
Forward - 60:00
Defense - 60:00
|
Play by Play
1st period
0:01 of 1st period - Chris Drury wins face-off versus Peter Forsberg in neutral zone.
0:14 of 1st period - Wrist shot by Chris Drury.
0:14 of 1st period - Stopped by Marc-André Fleury with a rebound.
0:43 of 1st period - Slapshot by Dustin Penner.
0:43 of 1st period - Stopped by Martin Brodeur without a rebound.
0:44 of 1st period - Rod Brind'Amour wins face-off versus Byron Bitz in Wild zone.
1:09 of 1st period - Danil Markov is hit by Paul Stastny and loses puck.
1:38 of 1st period - Slapshot by Brad Boyes.
1:38 of 1st period - Shot Misses the Net.
1:40 of 1st period - Snap shot by Jordan Leopold.
1:40 of 1st period - Shot Misses the Net.
2:38 of 1st period - Dion Phaneuf is hit by Mike Ricci and loses puck.
2:50 of 1st period - Icing by Nathan Dempsey.
2:51 of 1st period - Paul Stastny wins face-off versus Mike Ricci in Wild zone.
2:52 of 1st period - Snap shot by Darryl Sydor.
2:52 of 1st period - Shot Misses the Net.
3:08 of 1st period - Snap shot by Adam Deadmarsh.
3:08 of 1st period - Stopped by Marc-André Fleury without a rebound.
3:09 of 1st period - Derek Roy wins face-off versus Chris Drury in Maple Leafs zone.
4:36 of 1st period - Wrist shot by Byron Bitz.
4:36 of 1st period - Stopped by Martin Brodeur without a rebound.
4:37 of 1st period - Peter Forsberg wins face-off versus Vaclav Prospal in Wild zone.
5:02 of 1st period - Danil Markov is hit by Brad Boyes and loses puck.
5:41 of 1st period - Alex Goligoski is hit by Anson Carter.
5:57 of 1st period - Nathan Dempsey is hit by Dustin Penner and loses puck.
6:12 of 1st period - Slapshot by Chris Higgins.
6:12 of 1st period - Stopped by Marc-André Fleury without a rebound.
6:13 of 1st period - Rod Brind'Amour wins face-off versus Rob Niedermayer in Maple Leafs zone.
6:14 of 1st period - Slapshot by Chris Higgins.
6:14 of 1st period - Stopped by Marc-André Fleury with a rebound.
6:26 of 1st period - Fedor Tyutin is hit by Dion Phaneuf and loses puck.
7:10 of 1st period - Wrist shot by Steve Ott.
7:10 of 1st period - Stopped by Martin Brodeur without a rebound.
7:11 of 1st period - Peter Forsberg wins face-off versus Mark Recchi in Wild zone.
7:16 of 1st period - Snap shot by Peter Forsberg.
7:16 of 1st period - Shot Misses the Net.
7:38 of 1st period - Brad Boyes is hit by Jozef Stumpel and loses puck.
9:11 of 1st period - Slapshot by Tobias Enstrom.
9:11 of 1st period - Deflect By Vaclav Prospal.
9:11 of 1st period - Goal by Tobias Enstrom - Wild : 0 - Maple Leafs : 1.
9:12 of 1st period - Peter Forsberg wins face-off versus Chris Drury in neutral zone.
9:16 of 1st period - Minor Penalty to Claude Giroux for Hooking.
9:17 of 1st period - Peter Forsberg wins face-off versus Chris Drury in Maple Leafs zone.
11:05 of 1st period - Vaclav Prospal is hit by Tobias Enstrom and loses puck.
11:16 of 1st period - Penalty to Claude Giroux is over, Claude Giroux is back on ice.
11:24 of 1st period - Slapshot by Dion Phaneuf.
11:24 of 1st period - Deflect By Chris Higgins.
11:24 of 1st period - Stopped by Martin Brodeur with a rebound.
11:26 of 1st period - Snap shot by Claude Giroux.
11:26 of 1st period - Shot Blocked by Rod Brind'Amour.
11:32 of 1st period - Snap shot by Claude Giroux.
11:32 of 1st period - Shot Blocked by Mike Green.
11:36 of 1st period - Snap shot by Dion Phaneuf.
11:36 of 1st period - Shot Blocked by Mike Green.
11:38 of 1st period - Wrist shot by Dion Phaneuf.
11:38 of 1st period - Shot Misses the Net.
11:40 of 1st period - Snap shot by Claude Giroux.
11:40 of 1st period - Stopped by Martin Brodeur without a rebound.
11:41 of 1st period - Mike Ricci wins face-off versus Derek Roy in Wild zone.
11:52 of 1st period - Slapshot by Adam Deadmarsh.
11:52 of 1st period - Deflect By Darius Kasparaitis.
11:52 of 1st period - Shot Blocked by Brad Boyes.
11:52 of 1st period - Puck is out of play.
11:53 of 1st period - R.J. Umberger wins face-off versus Peter Forsberg in Maple Leafs zone.
12:29 of 1st period - Snap shot by Brad Boyes.
12:29 of 1st period - Shot Misses the Net.
12:31 of 1st period - Snap shot by Dustin Penner.
12:31 of 1st period - Stopped by Martin Brodeur without a rebound.
12:32 of 1st period - Chris Drury wins face-off versus Peter Forsberg in Wild zone.
12:32 of 1st period - Chris Drury is hit by Peter Forsberg.
13:28 of 1st period - Snap shot by Chris Higgins.
13:28 of 1st period - Shot Misses the Net.
13:30 of 1st period - Wrist shot by Rod Brind'Amour.
13:30 of 1st period - Deflect By Dion Phaneuf.
13:30 of 1st period - Stopped by Marc-André Fleury without a rebound.
13:31 of 1st period - Peter Forsberg wins face-off versus Chris Drury in Maple Leafs zone.
13:56 of 1st period - Alex Goligoski is hit by Brian Rolston and loses puck.
14:07 of 1st period - Slapshot by Chris Higgins.
14:07 of 1st period - Goal by Chris Higgins - Wild : 1 - Maple Leafs : 1.
14:08 of 1st period - Peter Forsberg wins face-off versus Chris Drury in neutral zone.
14:23 of 1st period - Snap shot by Peter Forsberg.
14:23 of 1st period - Shot Misses the Net.
14:45 of 1st period - Slapshot by Mike Green.
14:45 of 1st period - Deflect By Mark Recchi.
14:45 of 1st period - Shot Blocked by Tobias Enstrom.
14:45 of 1st period - Puck is out of play.
14:46 of 1st period - Vaclav Prospal wins face-off versus Peter Forsberg in Maple Leafs zone.
15:13 of 1st period - Brian Rolston is hit by Brad Boyes and loses puck.
15:30 of 1st period - Scott Walker is hit by Fredrik Modin and loses puck.
15:37 of 1st period - Slapshot by Andy Hilbert.
15:37 of 1st period - Stopped by Martin Brodeur with a rebound.
15:39 of 1st period - Snap shot by Andy Hilbert.
15:39 of 1st period - Shot Misses the Net.
15:41 of 1st period - Slapshot by Darryl Sydor.
15:41 of 1st period - Shot Blocked by Willie Mitchell.
15:55 of 1st period - Slapshot by Tobias Enstrom.
15:55 of 1st period - Stopped by Martin Brodeur without a rebound.
15:56 of 1st period - Chris Drury wins face-off versus Rob Niedermayer in Wild zone.
16:10 of 1st period - Wrist shot by Steve Ott.
16:10 of 1st period - Shot Blocked by Mark Recchi.
16:39 of 1st period - Snap shot by Rob Niedermayer.
16:39 of 1st period - Goal by Rob Niedermayer - Wild : 1 - Maple Leafs : 2.
16:40 of 1st period - Peter Forsberg wins face-off versus Vaclav Prospal in neutral zone.
16:43 of 1st period - Wrist shot by Darryl Sydor.
16:43 of 1st period - Shot Misses the Net.
16:45 of 1st period - Slapshot by Dion Phaneuf.
16:45 of 1st period - Shot Blocked by Fedor Tyutin.
16:47 of 1st period - Slapshot by Dion Phaneuf.
16:47 of 1st period - Stopped by Martin Brodeur without a rebound.
16:48 of 1st period - Vaclav Prospal wins face-off versus Peter Forsberg in Wild zone.
17:21 of 1st period - Snap shot by R.J. Umberger.
17:21 of 1st period - Shot Blocked by Zach Parise.
17:30 of 1st period - Icing by Darryl Sydor.
17:31 of 1st period - Peter Forsberg wins face-off versus Rod Brind'Amour in Maple Leafs zone.
18:20 of 1st period - Snap shot by Steve Ott.
18:20 of 1st period - Shot Misses the Net.
19:06 of 1st period - Minor Penalty to Zach Parise for Hooking.
19:07 of 1st period - Chris Drury wins face-off versus Peter Forsberg in Maple Leafs zone.
19:14 of 1st period - Snap shot by Mark Recchi.
19:14 of 1st period - Stopped by Marc-André Fleury with a rebound.
19:16 of 1st period - Wrist shot by Chris Drury.
19:16 of 1st period - Goal by Chris Drury - Wild : 2 - Maple Leafs : 2.
19:17 of 1st period - Vaclav Prospal wins face-off versus Peter Forsberg in neutral zone.
19:49 of 1st period - Slapshot by Chris Drury.
19:49 of 1st period - Shot Blocked by Alex Goligoski.
19:57 of 1st period - Snap shot by Mark Recchi.
19:57 of 1st period - Stopped by Marc-André Fleury with a rebound.
2nd period
0:01 of 2nd period - Peter Forsberg wins face-off versus Chris Drury in neutral zone.
0:14 of 2nd period - Wrist shot by Zach Parise.
0:14 of 2nd period - Stopped by Martin Brodeur without a rebound.
0:15 of 2nd period - Derek Roy wins face-off versus Vaclav Prospal in Wild zone.
0:22 of 2nd period - Snap shot by Anson Carter.
0:22 of 2nd period - Shot Blocked by Alex Goligoski.
0:24 of 2nd period - Wrist shot by Vaclav Prospal.
0:24 of 2nd period - Goal by Vaclav Prospal - Wild : 3 - Maple Leafs : 2.
0:25 of 2nd period - Chris Drury wins face-off versus Claude Giroux in neutral zone.
0:31 of 2nd period - Slapshot by Chris Drury.
0:31 of 2nd period - Stopped by Marc-André Fleury with a rebound.
0:33 of 2nd period - Snap shot by Mark Recchi.
0:33 of 2nd period - Stopped by Marc-André Fleury with a rebound.
0:35 of 2nd period - Snap shot by Mike Green.
0:35 of 2nd period - Shot Blocked by Peter Forsberg.
1:22 of 2nd period - Slapshot by Darius Kasparaitis.
1:22 of 2nd period - Deflect By Rob Niedermayer.
1:22 of 2nd period - Stopped by Martin Brodeur without a rebound.
1:23 of 2nd period - Chris Drury wins face-off versus Peter Forsberg in Wild zone.
1:33 of 2nd period - Minor Penalty to Darryl Sydor for Hooking.
1:34 of 2nd period - Chris Drury wins face-off versus Peter Forsberg in Maple Leafs zone.
2:26 of 2nd period - Peter Forsberg is hit by Mark Recchi and loses puck.
3:33 of 2nd period - Penalty to Darryl Sydor is over, Darryl Sydor is back on ice.
3:36 of 2nd period - Darryl Sydor is hit by Mike Ricci and loses puck.
3:49 of 2nd period - Slapshot by Alex Goligoski.
3:49 of 2nd period - Deflect By Chris Higgins.
3:49 of 2nd period - Stopped by Martin Brodeur without a rebound.
3:50 of 2nd period - Rod Brind'Amour wins face-off versus Paul Stastny in Wild zone.
4:16 of 2nd period - Mike Ricci is hit by Derek Roy.
5:01 of 2nd period - Wrist shot by Vaclav Prospal.
5:01 of 2nd period - Deflect By Anson Carter.
5:01 of 2nd period - Shot Blocked by Alex Goligoski.
5:01 of 2nd period - Puck is out of play.
5:02 of 2nd period - Paul Stastny wins face-off versus Vaclav Prospal in Maple Leafs zone.
5:15 of 2nd period - Wrist shot by Anson Carter.
5:15 of 2nd period - Shot Misses the Net.
5:17 of 2nd period - Slapshot by Nathan Dempsey.
5:17 of 2nd period - Stopped by Marc-André Fleury with a rebound.
5:40 of 2nd period - Wrist shot by Peter Forsberg.
5:40 of 2nd period - Shot Blocked by Mike Green.
5:52 of 2nd period - Wrist shot by Chris Higgins.
5:52 of 2nd period - Shot Misses the Net.
6:36 of 2nd period - Slapshot by Mike Ricci.
6:36 of 2nd period - Shot Misses the Net.
6:39 of 2nd period - Icing by Scott Walker.
6:40 of 2nd period - Paul Stastny wins face-off versus Chris Drury in Maple Leafs zone.
6:56 of 2nd period - Snap shot by Chris Drury.
6:56 of 2nd period - Stopped by Marc-André Fleury with a rebound.
7:30 of 2nd period - Slapshot by Peter Forsberg.
7:30 of 2nd period - Shot Misses the Net.
7:32 of 2nd period - Slapshot by Tobias Enstrom.
7:32 of 2nd period - Deflect By Zach Parise.
7:32 of 2nd period - Goal by Zach Parise - Wild : 3 - Maple Leafs : 3.
7:33 of 2nd period - Peter Forsberg wins face-off versus Chris Drury in neutral zone.
8:08 of 2nd period - Jozef Stumpel is hit by Dustin Penner and loses puck.
8:43 of 2nd period - Snap shot by Mike Ricci.
8:43 of 2nd period - Deflect By Adam Deadmarsh.
8:43 of 2nd period - Deflect By Darryl Sydor.
8:43 of 2nd period - Stopped by Marc-André Fleury without a rebound.
8:44 of 2nd period - Peter Forsberg wins face-off versus Mike Ricci in Maple Leafs zone.
9:26 of 2nd period - Snap shot by Adam Deadmarsh.
9:26 of 2nd period - Stopped by Marc-André Fleury with a rebound.
9:28 of 2nd period - Snap shot by Adam Deadmarsh.
9:28 of 2nd period - Shot Misses the Net.
9:30 of 2nd period - Snap shot by Danil Markov.
9:30 of 2nd period - Deflect By Peter Forsberg.
9:30 of 2nd period - Stopped by Marc-André Fleury with a rebound.
9:48 of 2nd period - Snap shot by Adam Deadmarsh.
9:48 of 2nd period - Shot Misses the Net.
10:32 of 2nd period - Wrist shot by Danil Markov.
10:32 of 2nd period - Shot Misses the Net.
10:34 of 2nd period - Snap shot by Danil Markov.
10:34 of 2nd period - Deflect By Mike Ricci.
10:34 of 2nd period - Goal by Mike Ricci - Wild : 4 - Maple Leafs : 3.
10:35 of 2nd period - Derek Roy wins face-off versus Chris Drury in neutral zone.
10:48 of 2nd period - Slapshot by Brad Boyes.
10:48 of 2nd period - Stopped by Martin Brodeur without a rebound.
10:49 of 2nd period - Derek Roy wins face-off versus Vaclav Prospal in Wild zone.
10:58 of 2nd period - Slapshot by Derek Roy.
10:58 of 2nd period - Stopped by Martin Brodeur with a rebound.
11:00 of 2nd period - Slapshot by Dion Phaneuf.
11:00 of 2nd period - Deflect By Brad Boyes.
11:00 of 2nd period - Stopped by Martin Brodeur without a rebound.
11:01 of 2nd period - Derek Roy wins face-off versus Chris Drury in Wild zone.
11:05 of 2nd period - Minor Penalty to R.J. Umberger for Roughing.
11:06 of 2nd period - Rod Brind'Amour wins face-off versus Derek Roy in Wild zone.
11:21 of 2nd period - Snap shot by Derek Roy.
11:21 of 2nd period - Shot Blocked by Rod Brind'Amour.
11:31 of 2nd period - Danil Markov is hit by Zach Parise and loses puck.
13:05 of 2nd period - Penalty to R.J. Umberger is over, R.J. Umberger is back on ice.
13:06 of 2nd period - Byron Bitz is hit by Nathan Dempsey and loses puck.
13:41 of 2nd period - Rob Niedermayer is hit by R.J. Umberger and loses puck.
14:08 of 2nd period - Derek Roy is hit by Danil Markov and loses puck.
14:23 of 2nd period - Slapshot by Jozef Stumpel.
14:23 of 2nd period - Shot Misses the Net.
14:41 of 2nd period - Minor Penalty to Darryl Sydor for High sticking.
14:42 of 2nd period - Peter Forsberg wins face-off versus Jozef Stumpel in Maple Leafs zone.
15:10 of 2nd period - Nathan Dempsey is hit by Claude Giroux and loses puck.
16:41 of 2nd period - Penalty to Darryl Sydor is over, Darryl Sydor is back on ice.
16:57 of 2nd period - Rod Brind'Amour is hit by Andy Hilbert and loses puck.
18:08 of 2nd period - Icing by Rod Brind'Amour.
18:09 of 2nd period - Chris Drury wins face-off versus Derek Roy in Wild zone.
18:13 of 2nd period - Off-side.
18:14 of 2nd period - Chris Drury wins face-off versus Derek Roy in neutral zone.
18:23 of 2nd period - Slapshot by Chris Drury.
18:23 of 2nd period - Shot Misses the Net.
18:25 of 2nd period - Snap shot by Chris Drury.
18:25 of 2nd period - Goal by Chris Drury - Wild : 5 - Maple Leafs : 3.
18:25 of 2nd period - Mike Dunham enters game.
18:26 of 2nd period - Zach Parise wins face-off versus Chris Drury in neutral zone.
18:29 of 2nd period - Slapshot by Dion Phaneuf.
18:29 of 2nd period - Shot Misses the Net.
18:31 of 2nd period - Slapshot by Dion Phaneuf.
18:31 of 2nd period - Stopped by Martin Brodeur with a rebound.
18:33 of 2nd period - Wrist shot by Zach Parise.
18:33 of 2nd period - Stopped by Martin Brodeur with a rebound.
18:35 of 2nd period - Slapshot by Darryl Sydor.
18:35 of 2nd period - Deflect By Claude Giroux.
18:35 of 2nd period - Goal by Claude Giroux - Wild : 5 - Maple Leafs : 4.
18:36 of 2nd period - Chris Drury wins face-off versus Claude Giroux in neutral zone.
18:45 of 2nd period - Minor Penalty to Dion Phaneuf for Interference.
18:46 of 2nd period - Peter Forsberg wins face-off versus Chris Drury in Maple Leafs zone.
3rd period
0:01 of 3rd period - Peter Forsberg wins face-off versus Jozef Stumpel in neutral zone.
0:45 of 3rd period - Penalty to Dion Phaneuf is over, Dion Phaneuf is back on ice.
0:55 of 3rd period - Icing by Jozef Stumpel.
0:56 of 3rd period - Derek Roy wins face-off versus Chris Drury in Wild zone.
1:13 of 3rd period - Wrist shot by Derek Roy.
1:13 of 3rd period - Stopped by Martin Brodeur with a rebound.
3:21 of 3rd period - R.J. Umberger is hit by Byron Bitz and loses puck.
3:57 of 3rd period - Snap shot by Chris Drury.
3:57 of 3rd period - Deflect By R.J. Umberger.
3:57 of 3rd period - Stopped by Mike Dunham with a rebound.
4:16 of 3rd period - Icing by R.J. Umberger.
4:17 of 3rd period - Peter Forsberg wins face-off versus Chris Drury in Wild zone.
4:41 of 3rd period - Icing by Mark Recchi.
4:42 of 3rd period - Derek Roy wins face-off versus Chris Drury in Wild zone.
5:13 of 3rd period - Slapshot by Jozef Stumpel.
5:13 of 3rd period - Stopped by Mike Dunham with a rebound.
5:15 of 3rd period - Wrist shot by Jozef Stumpel.
5:15 of 3rd period - Shot Misses the Net.
5:17 of 3rd period - Slapshot by Vaclav Prospal.
5:17 of 3rd period - Goal by Vaclav Prospal - Wild : 6 - Maple Leafs : 4.
5:18 of 3rd period - Vaclav Prospal wins face-off versus Peter Forsberg in neutral zone.
5:29 of 3rd period - Slapshot by Jozef Stumpel.
5:29 of 3rd period - Stopped by Mike Dunham without a rebound.
5:30 of 3rd period - Vaclav Prospal wins face-off versus Peter Forsberg in Maple Leafs zone.
5:41 of 3rd period - Snap shot by Vaclav Prospal.
5:41 of 3rd period - Goal by Vaclav Prospal - Wild : 7 - Maple Leafs : 4.
5:42 of 3rd period - Claude Giroux wins face-off versus Vaclav Prospal in neutral zone.
5:45 of 3rd period - Vaclav Prospal is hit by Dion Phaneuf and loses puck.
5:57 of 3rd period - Double Minor Penalty to Jozef Stumpel for Roughing.
5:58 of 3rd period - Peter Forsberg wins face-off versus Rod Brind'Amour in Wild zone.
8:13 of 3rd period - Danil Markov is hit by Darryl Sydor and loses puck.
8:26 of 3rd period - Claude Giroux is hit by Brian Rolston and loses puck.
9:57 of 3rd period - Penalty to Jozef Stumpel is over, Jozef Stumpel is back on ice.
10:00 of 3rd period - Rod Brind'Amour is hit by Andy Hilbert and loses puck.
10:35 of 3rd period - Tobias Enstrom is hit by Mike Green and loses puck.
11:27 of 3rd period - Anson Carter is hit by Steve Ott.
11:51 of 3rd period - Tobias Enstrom is hit by Mike Ricci and loses puck.
12:17 of 3rd period - Jordan Leopold is hit by Chris Drury and loses puck.
12:35 of 3rd period - Rod Brind'Amour is hit by Claude Giroux and loses puck.
13:08 of 3rd period - Jozef Stumpel is hit by Steve Ott and loses puck.
13:21 of 3rd period - Paul Stastny is hit by R.J. Umberger and loses puck.
13:26 of 3rd period - Wrist shot by Mark Recchi.
13:26 of 3rd period - Stopped by Mike Dunham with a rebound.
13:52 of 3rd period - Steve Ott is hit by Danil Markov and loses puck.
14:03 of 3rd period - Jordan Leopold is hit by Nathan Dempsey and loses puck.
14:54 of 3rd period - Willie Mitchell is hit by Tobias Enstrom and loses puck.
15:17 of 3rd period - Snap shot by Derek Roy.
15:17 of 3rd period - Shot Blocked by Fedor Tyutin.
15:35 of 3rd period - Snap shot by Claude Giroux.
15:35 of 3rd period - Stopped by Martin Brodeur with a rebound.
15:37 of 3rd period - Slapshot by Dion Phaneuf.
15:37 of 3rd period - Shot Misses the Net.
15:39 of 3rd period - Slapshot by Tobias Enstrom.
15:39 of 3rd period - Deflect By Peter Forsberg.
15:39 of 3rd period - Stopped by Martin Brodeur without a rebound.
15:40 of 3rd period - Derek Roy wins face-off versus Chris Drury in Wild zone.
16:10 of 3rd period - Jozef Stumpel is hit by Zach Parise and loses puck.
16:25 of 3rd period - Vaclav Prospal is hit by Paul Stastny and loses puck.
16:45 of 3rd period - Minor Penalty to Alex Goligoski for Roughing.
16:46 of 3rd period - Peter Forsberg wins face-off versus Jozef Stumpel in Maple Leafs zone.
18:13 of 3rd period - Nathan Dempsey is hit by Dion Phaneuf and loses puck.
18:42 of 3rd period - Peter Forsberg is hit by Jozef Stumpel and loses puck.
18:45 of 3rd period - Penalty to Alex Goligoski is over, Alex Goligoski is back on ice.
18:55 of 3rd period - Wrist shot by Claude Giroux.
18:55 of 3rd period - Shot Blocked by Willie Mitchell.
Output by the SimonT Hockey Simulator (STHS) for François Prévost -- Original Page W3C XHTML 1.0 Valid